 Dungeon Crawl Stone Soup version 0.18-a0-1577-gf591c28 (webtiles) character file.

2544 ithil the Covered (level 9, -3/86 HPs)
             Began as a Minotaur Fighter on Mar 23, 2016.
             Was an Elder of Makhleb.
             Slain by an orc warrior
             ... wielding a +0 hand axe
              (13 damage)
             ... on level 8 of the Dungeon.
             The game lasted 00:32:23 (5859 turns).

ithil the Covered (Minotaur Fighter)                Turns: 5859, Time: 00:32:23

Health: -3/86      AC:  8    Str: 23    XL:     9   Next: 30%
Magic:  8/8        EV:  9    Int:  5    God:    Makhleb [****..]
Gold:   404        SH: 11    Dex: 11    Spells: 0 memorised, 8 levels left

rFire  . . .     SeeInvis .     a - +0 war axe
rCold  . . .     Gourm    .     o - +0 ring mail (curse)
rNeg   . . .     Faith    .     c - +0 shield
rPois  .         Spirit   .     (helmet restricted)
rElec  .         Dismiss  .     (no cloak)
rCorr  .         Reflect  .     (no gloves)
SustAt .         Harm     .     I - +0 pair of boots
MR     .....                    q - amulet of regeneration
Stlth  ..........               g - -3 ring of evasion (curse)
                                k - ring of loudness

@: not resistant to hostile enchantments, extremely unstealthy
A: retaliatory headbutt, horns 2, robust 1
a: Minor Destruction, Lesser Servant of Makhleb, Major Destruction, Renounce
Religion


You were on level 8 of the Dungeon.
You worshipped Makhleb.
Makhleb was greatly pleased with you.
You were hungry.

You visited 1 branch of the dungeon, and saw 8 of its levels.

You collected 404 gold pieces.

Inventory:

Hand Weapons
 a - a +0 war axe (weapon)
 j - a +1 mace of protection
 A - a +0 falchion
Missiles
 l - 263 stones (quivered)
Armour
 b - a +0 scale mail
 c - a +0 shield (worn)
 i - a +0 helmet
 o - a cursed +0 ring mail (worn)
 p - a +0 plate armour
 E - the +4 chain mail of the Pink Corner {rElec Int+9}
   (You found it on level 6 of the Dungeon)

   It affects your intelligence (+9).
   It insulates you from electricity.
 I - a +0 pair of boots (worn)
 K - a +0 large shield
Jewellery
 g - a cursed -3 ring of evasion (right hand)
 k - a ring of loudness (left hand)
 n - an uncursed ring of protection from fire {unknown}
 q - an amulet of regeneration (around neck)
 z - an uncursed amulet of regeneration
 F - a cursed -4 ring of protection {unknown}
 S - a +6 ring of protection {unknown}
Wands
 y - a wand of digging (24/24)
 G - a wand of flame (20/48)
 N - a wand of heal wounds (3/9)
 O - a wand of random effects (10/48)
Scrolls
 v - 2 scrolls of amnesia
 x - 3 scrolls of identify
 B - a scroll of remove curse
 D - a scroll of teleportation
 L - a scroll of noise {unknown}
 M - a scroll of fog {unknown}
 P - a scroll of immolation {unknown}
 R - a scroll of summoning {unknown}
Potions
 d - a potion of might
 e - a potion of heal wounds
 h - a potion of berserk rage {unknown}
 r - a potion of cure mutation
 t - a potion of cancellation {unknown}
 u - 2 potions of brilliance
 C - a potion of lignification {unknown}
 H - a potion of agility {unknown}
 J - a potion of flight {unknown}
Comestibles
 f - 6 bread rations
 m - 4 meat rations
 s - 2 beef jerkies
 w - a royal jelly


   Skills:
 + Level 7.1 Fighting
 + Level 7.3 Axes
 + Level 7.3 Armour
 + Level 7.1 Dodging
 + Level 0.5 Stealth
 + Level 7.2 Shields
 + Level 0.2 Invocations
 + Level 0.1 Evocations


You had 8 spell levels left.
You didn't know any spells.

Dungeon Overview and Level Annotations

Branches:
Dungeon (8/15)             Temple (0/1) D:4
   Lair: D:8-11

Altars:
Cheibriados
Fedhas
Kikubaaqudgha
Makhleb
Pakellas
Ru
Trog
Xom
The Shining One

Shops:
D:4 (


Innate Abilities, Weirdness & Mutations

You reflexively headbutt those who attack you in melee.
You have a pair of horns on your head.
You are robust (+10% HP).


Message History

You headbutt the orc warrior, but do no damage.
The orc warrior is almost dead.
You barely miss the orc.
The orc warrior hits you with a hand axe!
* * * LOW HITPOINT WARNING * * *
You block the orc's attack.
Drink which item? (? for menu, Esc to quit)
You feel better.
The orc warrior hits you but does no damage.
You block the orc's attack.
You closely miss the orc warrior.
The orc warrior is almost dead.
The orc warrior hits you with a hand axe!
* * * LOW HITPOINT WARNING * * *
You closely miss the orc warrior.
You headbutt the orc warrior, but do no damage.
The orc warrior is almost dead.
You block the orc's attack.
The orc warrior hits you with a hand axe!
You die...

...##.. #....##
#.....# #.....#
#...#.##
#.....##.)#
#..##. ##.# ..
##.###o#### .
.......o@..#
.##........##
#.........##
##.##...#..####
#.
##..##....######
#
#..............
#..<#####......
###.# ..... #.#
####


You could see an orc warrior and an orc.

Vanquished Creatures
  The ghost of slayr the Destroyer, a novice DEWz of Vehumet (D:7)
  A spriggan (D:7)
  A water moccasin (D:7)
  An orc warrior (D:7)
  A sky beast (D:7)
  2 ogres
  2 centaurs
  A wyvern skeleton (D:6)
  3 scorpions
  A centaur zombie (D:7)
  A jelly (D:7)
  2 giant frog zombies (D:7)
  4 hounds
  4 orc wizards
  7 orc priests
  Terence (D:3)
  An iguana (D:5)
  Ijyb (D:3)
  2 worker ants
  A killer bee zombie (D:7)
  A hound skeleton (D:4)
  Robin (D:2)
  A worker ant zombie (D:5)
  4 gnolls (D:2)
  9 adders
  3 shadow imps
  An ooze (D:2)
  An adder skeleton (D:4)
  3 worms
  4 dart slugs
  6 giant geckos
  23 orcs
  A ball python (D:3)
  6 bats
  8 giant cockroaches
  19 goblins
  7 hobgoblins
  10 jackals
  4 quokkas
  A giant cockroach zombie (D:5)
  2 giant gecko skeletons (D:6)
  7 giant newts
  6 kobolds
  A quokka skeleton (D:7)
  10 rats
177 creatures vanquished.

Vanquished Creatures (others)
  A wolf spider (D:5)
1 creature vanquished.

Grand Total: 178 creatures vanquished

Notes
Turn   | Place    | Note
--------------------------------------------------------------
     0 | D:1      | ithil the Minotaur Fighter began the quest for the Orb.
     0 | D:1      | Reached XP level 1. HP: 19/19 MP: 0/0
   179 | D:1      | Reached XP level 2. HP: 27/27 MP: 1/1
   726 | D:2      | Reached XP level 3. HP: 34/34 MP: 2/2
   802 | D:2      | Reached XP level 4. HP: 9/41 MP: 3/3
  1050 | D:2      | Found a blossoming altar of Fedhas.
  1133 | D:2      | Reached skill level 1 in Dodging
  1167 | D:2      | Found a sacrificial altar of Ru.
  1195 | D:2      | Noticed Robin
  1207 | D:2      | Killed Robin
  1937 | D:2      | Reached XP level 5. HP: 47/47 MP: 4/4
  1938 | D:2      | Found a burning altar of Makhleb.
  1947 | D:2      | Became a worshipper of Makhleb the Destroyer
  2127 | D:3      | Reached skill level 5 in Fighting
  2242 | D:3      | Noticed Ijyb
  2266 | D:3      | Killed Ijyb
  2312 | D:3      | Reached * piety under Makhleb
  2350 | D:3      | Noticed Terence
  2358 | D:3      | Killed Terence
  2358 | D:3      | Reached XP level 6. HP: 53/56 MP: 5/5
  2376 | D:3      | Reached skill level 5 in Shields
  2493 | D:3      | Found a shimmering altar of Xom.
  2493 | D:3      | Found a glowing golden altar of the Shining One.
  2678 | D:4      | Found Temun's Antique Weapon Emporium.
  2706 | D:4      | Reached ** piety under Makhleb
  3178 | D:4      | Found a staircase to the Ecumenical Temple.
  3193 | D:4      | Reached skill level 5 in Armour
  3193 | D:4      | Reached XP level 7. HP: 50/62 MP: 6/6
  3281 | D:4      | Reached skill level 5 in Axes
  3488 | D:5      | Entered Level 5 of the Dungeon
  3682 | D:5      | Found a snail-covered altar of Cheibriados.
  3916 | D:5      | Found an oddly glowing altar of Pakellas.
  3916 | D:5      | Noticed a wolf spider
  3923 | D:5      | Killed a wolf spider
  4295 | D:5      | Reached *** piety under Makhleb
  4295 | D:5      | Reached XP level 8. HP: 70/70 MP: 7/7
  4384 | D:6      | Got a crude chain mail
  4433 | D:6      | Found a bloodstained altar of Trog.
  4553 | D:6      | Reached skill level 5 in Dodging
  5139 | D:7      | Noticed slayr's ghost (novice DEWz)
  5276 | D:7      | Killed slayr's ghost
  5276 | D:7      | Reached XP level 9. HP: 32/78 MP: 8/8
  5522 | D:7      | Identified the +4 chain mail of the Pink Corner {rElec Int+9} (You found it on level 6 of the Dungeon)
  5643 | D:7      | Reached **** piety under Makhleb
  5712 | D:7      | Gained mutation: You are robust (+10% HP). [mutagenic meat]
  5764 | D:7      | Found an ancient bone altar of Kikubaaqudgha.
  5859 | D:8      | Slain by an orc warrior

Vault maps used:
D:1:      dpeg_arrival_line_fractal
D:2:      nicolae_ru_sacrificial_ziggurat, fedhas_altar_4, old_standard_altar,
          minivault_24, minivault_5, uniq_robin
D:3:      gammafunk_temple_overflow_elements, uniq_iyjb, uniq_terence
D:4:      minmay_temple_entry_glassed_door, first_bread, serial_shops,
          nicolae_shop_statue_plus
D:5:      marbit_many_paths, gammafunk_pakellas_cloud_experiment, serial_curves,
          eino_curves_04, eino_curves_02
D:6:      lemuel_crystal_altar
D:7:      lemuel_coloured_pillars_altar, the_bakery
D:8:      grunt_qazlal_clouds, ashenzari_altar_1, gup_ossuary_entry_pyramid,
          okawaru_altar_gauntlet_db

Skill      XL: |  1  2  3  4  5  6  7  8  9 |
---------------+----------------------------+-----
Fighting       | 4 5 6 7 |  7.1
Armour         | 4 5 7 |  7.3
Axes           | 3 4 5 6 7 |  7.3
Shields        | 4 5 6 7 |  7.2
Dodging        | 2 4 6 7 |  7.1
Stealth        | |  0.5
Invocations    | |  0.2
Evocations     | |  0.1

Action                   |  1- 3 |  4- 6 |  7- 9 || total
-------------------------+-------+-------+-------++-------
Melee: War axe           |    59 |   246 |   232 ||   537
Invok: Minor Destruction |       |       |     1 ||     1
       Lesser Servant of |       |       |     1 ||     1
Evoke: Wand              |       |       |     1 ||     1
  Use: Scroll            |     1 |     5 |     3 ||     9
       Potion            |       |     5 |     5 ||    10
  Eat: Chunk             |       |     6 |     5 ||    11
       Royal jelly       |       |     1 |       ||     1
       Bread ration      |       |       |     1 ||     1
